Construct Infanterie Kompanie
Selects Terror Battlegroup
Selects Machine Gun Camouflage
Infanterie Officer Quarters
Construct Luftwaffe Kompanie
Construct Panzergrenadier Kompanie
Selects Contempt for the Weak
Marder III M Tank Destroyer
Construct Panzergrenadier Kompanie
Nebelwerfer 42 Rocket Launcher Team
Marder III M Tank Destroyer
Luftwaffe Officer Quarters
Selects Propaganda Leaflet Drop
Pak 40 Anti-tank Gun Team
Construct Panzer Kompanie